 Dungeon Crawl Stone Soup version 0.29-a0-393-g47a863cc1b (webtiles) character file.

Game seed: 5482882965153144275

487 Lekart the Skirmisher (level 6, 0/79 HPs)
             Began as a Draconian Chaos Knight on May 9, 2022.
             Was a Plaything of Xom.
             Slain by an orc
             ... wielding a +0 flail
              (6 damage)
             ... on level 4 of the Dungeon.
             The game lasted 00:06:17 (3644 turns).

Lekart the Skirmisher (Draconian Chaos Knight)      Turns: 3644, Time: 00:06:18

Health: 0/79       AC:  3    Str: 11 (14) XL:     6   Next: 89%
Magic:  9/9        EV: 12    Int:  8 (12) God:    Xom [...*..]
Gold:   166        SH:  4    Dex: 12 (13) Spells: 7/9 levels left

rFire   . . .      SeeInvis +   f - +4 dagger (chaos)
rCold   . . .      Faith    .   i - +1 buckler
rNeg    . . .      Spirit   .   (body armour unavailable)
rPois   .          Reflect  .   (helmet restricted)
rElec   .          Harm     .   r - +0 cloak
rCorr   .          Rampage  .   (no gloves)
Will    .....                   (no boots)
Stlth   ..........              (no amulet)
HPRegen 0.23/turn               e - ring of see invisible
MPRegen 0.11/turn               (no ring)

@: berserking, corroded, very quick
A: AC +6, unfitting armour, cold-blooded, stinger 2, deterioration 2
a: Renounce Religion


You were on level 4 of the Dungeon.
You worshipped Xom.
You were a favourite toy of Xom.
You visited 1 branch of the dungeon, and saw 4 of its levels.
You also visited: Sewer.

You collected 166 gold pieces.

Inventory:

Hand Weapons
 a - a +1 falchion of chaos
 f - a +4 dagger of chaos (weapon)
Armour
 i - a +1 buckler (worn)
 r - a +0 cloak (worn)
Jewellery
 e - a ring of see invisible (left hand)
Scrolls
 k - 2 scrolls of identify
 l - 3 scrolls of enchant armour
 q - 2 scrolls of blinking
 s - 2 scrolls of teleportation
Potions
 c - a potion of mutation {unknown}
 d - a potion of berserk rage
 g - 2 potions of might
 h - a potion of degeneration
 j - a potion of flight
 m - a potion of curing
 n - a potion of heal wounds
Miscellaneous
 b - a piece from Xom's chessboard (15/15) (quivered)


   Skills:
 * Level 4.7 Fighting
 + Level 2.1(3.4) Short Blades
 + Level 4.1(4.4) Long Blades
 + Level 3.2 Dodging
 + Level 1.0 Shields
 * Level 2.2 Spellcasting
 * Level 1.8 Transmutations
 * Level 2.0 Earth Magic


You had 7 spell levels left.
You knew the following spells:

 Your Spells              Type           Power      Damage    Failure   Level
a - Passwall              Tmut/Erth      2%         N/A       32%         2

Your spell library contained the following spells:

 Spells                   Type           Power      Damage    Failure   Level
 Sandblast                Erth           8%         2d5       22%         1
 Static Discharge         Conj/Air       0%         N/A       58%         2
 Stone Arrow              Conj/Erth      4%         3d7       67%         3
 Call Canine Familiar     Summ           0%         N/A       82%         3
 Conjure Flame            Conj/Fire      0%         6-21      82%         3
 Portal Projectile        Hex/Tloc       0%         N/A       82%         3
 Leda's Liquefaction      Hex/Erth       1%         N/A       97%         4
 Blade Hands              Tmut           1%         N/A       99%         5
 Fireball                 Conj/Fire      0%         3d3       100%        5
 Irradiate                Conj/Tmut      1%         3d13      100%        5
 Dragon Form              Tmut           1%         N/A       100%        7
 Chain Lightning          Conj/Air       0%         N/A       100%        9


Dungeon Overview and Level Annotations

Branches:
Dungeon (4/15)             Temple (0/1) D:4           Sewer (visited)

Altars:
Yredelemnul


Innate Abilities, Weirdness & Mutations

Your plain brown scales are hard. (AC +6)
You cannot fit into any form of body armour.
You are cold-blooded and may be slowed by cold attacks.
Your tail ends in a sharp venomous barb.
Your body often deteriorates upon taking damage.


Message History

The jelly is moderately wounded.
The jelly hits you but does no damage. The orc hits you with a +0 flail!
Your body deteriorates!
You feel dopey.
You hit the jelly.
Your hands burn!
The jelly is heavily wounded.
The orc completely misses you. The jelly closely misses you.
The orc hits you but does no damage.
You puncture the jelly! You freeze the jelly.
Your hands burn!
The jelly is almost dead.
The orc hits you but does no damage. The jelly hits you. The acid corrodes you!
You are splashed with acid!
The orc completely misses you.
You are too injured to fight recklessly!
You are too injured to fight recklessly!
You are too injured to fight recklessly!
You hit the jelly. You burn the jelly.
You kill the jelly!
The orc closely misses you. The orc hits you with a +0 dagger.
You feel your strength returning.
Your Shields skill increases to level 1!
The orc attacks as you move away! The orc hits you with a +0 dagger.
The orc attacks as you move away! The orc hits you but does no damage.
The orc attacks as you move away! The orc hits you with a +0 flail.
* * * LOW HITPOINT WARNING * * *
The orc attacks as you move away! You block the orc's attack.
The orc attacks as you move away! The orc hits you with a +0 dagger.
* * * LOW HITPOINT WARNING * * *
Xom's power touches on a nearby monster.
The orc flickers and vanishes for a moment.
You hit the orc but do no damage. You closely miss the orc.
The orc hits you but does no damage. The orc hits you with a +0 flail!
* * * LOW HITPOINT WARNING * * *
Xom is interested.
Your body deteriorates!
You feel weakened.
A red film seems to cover your vision as you go berserk!
You feel yourself moving faster!
You feel mighty!
Xom is amused.
You block the orc's attack. The orc hits you with a +0 flail.
You die... "It's all fun and games until someone loses an eye."

,,*,,,*****#............#####.##
.......# *#......#...## #..#
...#...## ###.....#...# ##..#
....#...####.......#...####...#
.....#..............#...##...####
................................#
..............................###
........................##.....#
...............o@......######..##
...............o####...# ##..#
......###......## ##..# ##..
#....#* ####..## ##.#* ##. ##...*
##.# *...#* ## #..#* #.# *,*#.**
## ###,*** #.# *****,* ##. *,,,*
#.# *** #.# ***** ### ###


You could see 2 orcs.

Vanquished Creatures
  A hornet (Sewer)
  A hound (D:4)
  A jelly (D:4)
  2 adders
  2 ufetubi
  2 worms (D:2)
  A dart slug (D:2)
  2 orcs (D:3)
  12 ball pythons
  13 bats
  6 endoplasms
  4 giant cockroaches
  6 hobgoblins
  12 jackals
  4 quokkas
  A frilled lizard (D:2)
  4 goblins
  6 kobolds
  9 rats
89 creatures vanquished.

Vanquished Creatures (collateral kills)
  A wolf (D:4)
  An adder (D:4)
2 creatures vanquished.

Vanquished Creatures (others)
  12 plants (D:4)
12 creatures vanquished.

Grand Total: 103 creatures vanquished

Notes
Turn   | Place    | Note
-------+----------+-------------------------------------------
     0 | D:1      | Lekart the Draconian Chaos Knight began the quest for the
                  | Orb.
     0 | D:1      | Reached XP level 1. HP: 19/19 MP: 1/1
   125 | D:1      | Reached XP level 2. HP: 22/26 MP: 2/2
   305 | D:1      | Found a faded altar of an unknown god.
   606 | D:1      | XOM: silly message
   635 | D:1      | Reached XP level 3. HP: 33/33 MP: 3/3
   958 | D:2      | Reached skill level 1 in Spellcasting
  1029 | D:2      | XOM: noise
  1192 | D:2      | XOM: confuse monster(s)
  1220 | D:2      | XOM: silly message
  1249 | D:2      | Reached XP level 4. HP: 37/40 MP: 5/5
  1320 | D:2      | XOM: give mutations
  1320 | D:2      | Gained mutation: Your body sometimes deteriorates upon
                  | taking damage. [Xom's mischief]
  1320 | D:2      | Lost mutation: Your body sometimes deteriorates upon taking
                  | damage. [Xom's mischief]
  1320 | D:2      | Gained mutation: You are clumsy. (Dex -2) [Xom's mischief]
  1334 | D:2      | XOM: chaos upgrade
  1728 | D:2      | Found a basalt altar of Yredelemnul.
  1735 | D:2      | XOM: enchant monster (good)
  2392 | D:3      | Learned a level 2 spell: Passwall
  2511 | D:3      | Got Cerebov's Collected Works on Torrid Attacks
  2528 | D:3      | XOM: give mutations
  2528 | D:3      | Gained mutation: Your tail ends in a venomous barb. [Xom's
                  | grace]
  2528 | D:3      | Lost mutation: You are clumsy. (Dex -2) [Xom's grace]
  2598 | D:3      | XOM: noise
  2756 | D:4      | Found a glowing drain.
  2769 | D:4      | Reached skill level 1 in Earth Magic
  2769 | D:4      | Reached XP level 5. HP: 35/46 MP: 7/7
  2780 | Sewer    | Entered a sewer
  2834 | Sewer    | Noticed Pargi
  2842 | Sewer    | Noticed Pargi
  2842 | Sewer    | Pargi changed into Pargi the hornet
  2842 | Sewer    | XOM: polymorph Pargi -> Pargi the hornet
  2853 | Sewer    | XOM: noise
  2855 | Sewer    | Killed Pargi the hornet
  2856 | Sewer    | Reached skill level 1 in Short Blades
  2856 | Sewer    | Reached skill level 1 in Transmutations
  2856 | Sewer    | Reached XP level 6. HP: 29/53 MP: 7/9
  2977 | Sewer    | XOM: give mutations
  2977 | Sewer    | Gained mutation: Your body sometimes deteriorates upon
                  | taking damage. [Xom's mischief]
  2977 | Sewer    | Gained mutation: Your tail ends in a sharp venomous barb.
                  | [Xom's mischief]
  2977 | Sewer    | Gained mutation: Your body often deteriorates upon taking
                  | damage. [Xom's mischief]
  3252 | D:4      | Noticed Edmund
  3259 | D:4      | XOM: confusion (+ monsters)
  3271 | D:4      | XOM: summons friendly shadow imp
  3288 | D:4      | Noticed Edmund
  3288 | D:4      | Edmund changed into Edmund the wolf
  3295 | D:4      | Killed Edmund the wolf
  3632 | D:4      | Reached skill level 1 in Shields
  3640 | D:4      | XOM: enchant monster (bad)
  3644 | D:4      | Slain by an orc

Illustrated notes

Levels and vault maps discovered:
D:1:      saegor_arrival_simple_d, layout_loops_ring,
          ebering_ecumenical_altar_webs, dreamdust_princess_bridge
D:2:      layout_basic, basic_altar
D:3:      layout_rooms
D:4:      layout_layer_cave, minmay_temple_entry_glassed_door,
          cheibrodos_sewer_entry_sluice, serial_bayou_ford_a,
          minmay_manual_monstrance, uniq_edmund

Skill      XL: |  1  2  3  4  5  6 |
---------------+-------------------+-----
Fighting       | 4 |  4.7
Spellcasting   | 1 2 |  2.2
Long Blades    | 4 |  4.1
Earth Magic    | 1 2 |  2.0
Short Blades   | 1 2 |  2.1
Dodging        | 3 |  3.2
Transmutations | 1 |  1.8
Shields        | 1 |  1.0

Action                   |  1- 3 |  4- 6 || total
-------------------------+-------+-------++-------
Melee: Falchion          |   109 |     8 ||   117
       Punch             |     1 |       ||     1
       Tailslap          |    13 |    14 ||    27
       Dagger            |       |   141 ||   141
Evoke: Piece from Xom's  |       |     2 ||     2
  Use: Scroll            |     5 |     4 ||     9
       Potion            |       |     9 ||     9
 Stab: Sleeping          |     2 |       ||     2
Armor: Skin              |    28 |    51 ||    79
Dodge: Dodged            |    67 |    96 ||   163
Block: Buckler           |     4 |    36 ||    40

Table legend: (Time is in decaauts)
 A = Elapsed time spent in this place.
 B = Non-inter-level travel time spent in this place.
 C = Inter-level travel time spent in this place.
 D = Time resting spent in this place.
 E = Time spent auto-exploring this place.
 F = Levels seen in this place.
 G = Mean time per level.
                   A        B        C        D        E       F      G
               +--------+--------+--------+--------+--------+-----+--------+
         Total |   3656 |   3588 |     68 |    331 |   2591 |   5 |  731.2 |
       Dungeon |   3398 |   3330 |     68 |    200 |   2553 |   4 |  849.5 |
         Sewer |    258 |    258 |      0 |    131 |     38 |   1 |  258.0 |
               +--------+--------+--------+--------+--------+-----+--------+

Top non-repeatable levels by time:
     D:2: 1340 daAuts
     D:1: 863 daAuts
     D:4: 645 daAuts
     D:3: 549 daAuts
   Sewer: 258 daAuts
